 Dungeon Crawl Stone Soup version 0.31-a0-986-g5e6e4ef867 (webtiles) character file.

Game seed: 7701812009481104952

28508 FakeRyeBread the Grappler (level 13, -5/131 HPs)
             Began as a Troll Fighter on Nov 10, 2023.
             Was a High Priest of Wu Jian.
             Slain by a death yak (24 damage)
             ... on level 1 of the Lair of Beasts.
             The game lasted 00:27:51 (11889 turns).

FakeRyeBread the Grappler (Troll Fighter)          Turns: 11889, Time: 00:27:52

Health: -5/131     AC: 11    Str: 27    XL:     13   Next: 10%
Magic:  12/12      EV: 10    Int:  8    God:    Wu Jian [*****.]
Gold:   718        SH: 13    Dex:  9    Spells: 12/12 levels left

rFire   . .          .
                       - Unarmed
rCold   . . .        b - +3 kite shield
rNeg    . . .        i - +0 acid dragon scales
rPois   .            F - +2 hat
rElec   .            u - +0 cloak
rCorr   +            (gloves unavailable)
SInv    +            (boots unavailable)
Will    +....        D - amulet of regeneration
Stlth   +            z - ring of see invisible
HPRegen 2.01/turn    l - ring of willpower
MPRegen 0.13/turn

%: no passive effects
@: no status effects
A: large, unfitting armour, claws 3, regeneration 1, shaggy fur 1, tough skin 1
a: Renounce Religion, Wall Jump, Serpent's Lash, Heavenly Storm


You were on level 1 of the Lair of Beasts.
You worshipped Wu Jian.
Wu Jian was extremely pleased with you.
You visited 3 branches of the dungeon, and saw 15 of its levels.
You also visited: Sewer.

You collected 718 gold pieces.

Inventory:

Missiles
 p - a throwing net
 r - 18 poisoned darts
 E - 7 javelins
 K - 4 boomerangs
Armour
 b - a +3 kite shield (worn)
 i - +0 acid dragon scales (worn)
 u - a +0 cloak (worn)
 F - a +2 hat (worn)
Jewellery
 d - a ring of protection from cold
 l - a ring of willpower (right claw)
 z - a ring of see invisible (left claw)
 D - an amulet of regeneration (around neck)
 H - a ring of protection from fire
Wands
 f - a wand of light (4)
 t - a wand of roots (7)
 w - a wand of polymorph (9)
 A - a wand of mindburst (20)
 B - a wand of paralysis (8)
 C - a wand of flame (47) (quivered)
Scrolls
 h - 6 scrolls of teleportation
 q - a scroll of blinking
 s - 2 scrolls of poison
 y - a scroll of fear
 G - a scroll of identify
 I - a scroll of revelation
 J - 2 scrolls of amnesia
 L - a scroll of fog
Potions
 a - a potion of invisibility
 c - 3 potions of might
 e - 5 potions of curing
 g - 2 potions of mutation
 j - 2 potions of heal wounds
 k - 3 potions of lignification
 m - a potion of berserk rage
 n - 2 potions of attraction
 o - 2 potions of haste
 v - 4 potions of degeneration
 x - 3 potions of cancellation


   Skills:
 + Level 9.2 Fighting
 + Level 7.7 Dodging
 + Level 10.1 Shields
 * Level 14.8 Unarmed Combat


You had 12 spell levels left.
You didn't know any spells.
Your spell library contained the following spells:

 Spells                   Type           Power      Damage    Failure   Level
 Freeze                   Ice            0%         1d3       65%         1
 Magic Dart               Conj           0%         1d3       65%         1
 Slow                     Hex            0%         N/A       65%         1
 Summon Small Mammal      Summ           0%         N/A       65%         1
 Blink                    Tloc           0%         N/A       80%         2
 Ensorcelled Hibernation  Hex/Ice        0%         N/A       80%         2
 Lesser Beckoning         Tloc           0%         N/A       80%         2
 Momentum Strike          Conj/Tloc      0%         3d8       80%         2
 Passwall                 Tmut/Erth      0%         N/A       80%         2
 Searing Ray              Conj           0%         2d4       80%         2
 Call Canine Familiar     Summ           0%         N/A       95%         3
 Confusing Touch          Hex            0%         N/A       95%         3
 Frozen Ramparts          Ice            0%         1d1       95%         3
 Hailstorm                Conj/Ice       0%         3d3       95%         3
 Inner Flame              Hex/Fire       0%         N/A       95%         3
 Sigil of Binding         Hex            0%         N/A       95%         3
 Summon Guardian Golem    Hex/Summ       0%         N/A       95%         3
 Swiftness                Air            0%         N/A       95%         3
 Tukima's Dance           Hex            0%         N/A       95%         3
 Vampiric Draining        Necr           0%         2d6       95%         3
 Dimensional Bullseye     Hex/Tloc       0%         N/A       100%        4
 Fulminant Prism          Conj/Hex       0%         3d5       100%        4
 Iskenderun's Mystic Bla  Conj/Tloc      0%         2d3       100%        4
 Olgreb's Toxic Radiance  Pois           0%         N/A       100%        4
 Yara's Violent Unravell  Hex/Tmut       0%         3d3       100%        5
 Enfeeble                 Hex            0%         N/A       100%        7
 Discord                  Hex            0%         N/A       100%        8
 Ignition                 Fire           0%         3d3       100%        8


Dungeon Overview and Level Annotations

Branches:
Dungeon (13/15)            Temple (1/1) D:5            Lair (1/5) D:11
    Orc (0/2) D:11          Sewer (visited)
 Vaults: D:13-14

Altars:
Ashenzari
Cheibriados
Dithmenos
Elyvilon
Fedhas
Gozag
Hepliaklqana
Kikubaaqudgha
Makhleb
Nemelex Xobeh
Okawaru
Qazlal
Ru
Sif Muna
Trog
Uskayaw
Vehumet
Wu Jian
Xom
Yredelemnul
Zin
The Shining One

Shops:
D:8 :   D:13 **


Innate Abilities, Weirdness & Mutations

You are too large for most types of armour.
You have claws for hands.
Your natural rate of healing is unusually fast.
You are covered in fur. (AC +1)
You have tough skin. (AC +1)


Message History

The yak is severely wounded.
The yak gores you.
You barely miss the yak.
The yak is severely wounded.
The yak gores you!
* * * LOW HITPOINT WARNING * * *
You scratch the yak.
The yak is severely wounded.
You mangle the yak!!
You kill the yak!
The Council accepts your kill.
You mangle the yak!!
The yak is almost dead.
The yak gores you!
* * * LOW HITPOINT WARNING * * *
You closely miss the yak.
The yak is almost dead.
You block the yak's attack.
You mangle the yak!!
You kill the yak!
The Council accepts your kill.
You barely miss the death yak.
The death yak is lightly wounded.
You block the death yak's attack.
You barely miss the death yak.
The death yak is lightly wounded.
You block the death yak's attack.
You barely miss the death yak.
The death yak is lightly wounded.
The death yak closely misses you.
You scratch the death yak.
The death yak is lightly wounded.
You mangle the death yak!!
The death yak is moderately wounded.
The death yak gores you!!
* * * LOW HITPOINT WARNING * * *
You claw the death yak!
The death yak is heavily wounded.
The death yak gores you!!
You die...

...~~~~ ##...## #...# #.
8..~≈~~ #.....# #...# ##
$..~~~~###...### #...## #
?...≈~~......#.###....####
=...≈~~..#................
:∩..≈~~..#........#.......
}...~~~..#...#####...#####
$...~~~.Y#.#.# #...# #
$..~≈~~##@.#.# #...# #
8..~~~~ ##..## #...# #
....~~~ ##..# #...# #
...~≈~Y ##..#####...# #
...~≈~# #...#P#.....# #
...~~~ #..#........##
..Y~~~ #............####
#...#####.......# ##...#
##.#..##.


You could see a death yak.

Vanquished Creatures
  Harold (D:11)
  Erolcha (D:11)
  Erica (D:11)
  5 two-headed ogres
  A boulder beetle (D:11)
  A tengu warrior (D:13)
  Urug (D:11)
  A manticore (D:11)
  6 elephants (Lair:1)
  Maurice (D:9)
  A cyclops (D:11)
  3 gargoyles
  A black mamba (Lair:1)
  4 cane toads (Lair:1)
  Maggie (Lair:1)
  3 komodo dragons
  3 unseen horrors
  2 kobold demonologists (D:12)
  3 rime drakes (Lair:1)
  An anaconda simulacrum (Lair:1)
  An ice devil (Lair:1)
  3 polar bears (Lair:1)
  2 trolls
  Prince Ribbit (D:6)
  Grinder (D:5)
  3 wraiths
  2 shadows (D:9)
  2 wyverns (Lair:1)
  19 yaks
  2 basilisks
  3 vampire mosquitoes (D:11)
  A death yak simulacrum (Lair:1)
  A steam dragon (D:7)
  A harpy simulacrum (Lair:1)
  3 acid dragons
  4 water moccasins
  2 orc warriors
  2 ice beasts
  3 sky beasts
  2 black bears
  2 ogres (D:5)
  4 centaurs
  17 wolves
  2 phantoms (D:4)
  7 kobold brigands
  4 bullfrogs
  2 scorpions
  A water moccasin zombie (D:4)
  6 wights (D:9)
  9 killer bees (D:9)
  8 howler monkeys
  2 electric eels (D:11)
  A bullfrog zombie (D:4)
  2 gnoll boudas
  An orc priest (D:9)
  11 hounds
  2 jellies (D:6)
  Jessica (D:3)
  2 troll simulacra (Lair:1)
  4 iguanas
  6 orc wizards
  2 scorpion zombies (D:4)
  Terence (D:3)
  4 hound zombies (D:4)
  11 gnolls
  17 adders
  A river rat (Sewer)
  A shadow imp (D:6)
  6 ufetubi
  4 adder skeletons (D:4)
  An adder zombie (D:4)
  3 worms
  3 dart slugs
  37 orcs
  15 endoplasms
  4 giant cockroaches
  5 goblins
  4 hobgoblins
  9 jackals
  5 quokkas
  7 ball pythons
  3 bats
  7 frilled lizards
  15 kobolds
  A quokka zombie (D:4)
  13 rats
372 creatures vanquished.

Vanquished Creatures (others)
  A quokka (D:6)
1 creature vanquished.

Grand Total: 373 creatures vanquished

Notes
Turn   | Place    | Note
-------+----------+-------------------------------------------
     0 | D:1      | FakeRyeBread the Troll Fighter began the quest for the Orb.
     0 | D:1      | Reached XP level 1. HP: 22/22 MP: 0/0
   111 | D:1      | Reached XP level 2. HP: 27/29 MP: 1/1
   485 | D:1      | Reached XP level 3. HP: 36/36 MP: 2/2
   883 | D:2      | Reached skill level 3 in Unarmed Combat
  1172 | D:2      | Reached XP level 4. HP: 44/44 MP: 3/3
  1212 | D:2      | Found a faded altar of an unknown god.
  1497 | D:3      | Noticed a water moccasin
  1542 | D:3      | Killed a water moccasin
  1543 | D:3      | Reached skill level 4 in Unarmed Combat
  1543 | D:3      | Reached XP level 5. HP: 29/53 MP: 4/4
  1584 | D:3      | Noticed Terence
  1586 | D:3      | Noticed Jessica
  1600 | D:3      | Killed Terence
  1603 | D:3      | Killed Jessica
  1604 | D:3      | Reached XP level 6. HP: 44/61 MP: 5/5
  1633 | D:3      | Found a sacrificial altar of Ru.
  1964 | D:3      | Found a stormy altar of Qazlal.
  1964 | D:3      | Noticed a sky beast
  1994 | D:3      | Killed a sky beast
  1995 | D:3      | Reached skill level 5 in Unarmed Combat
  2295 | D:4      | Reached XP level 7. HP: 68/68 MP: 6/6
  2347 | D:4      | Reached skill level 6 in Unarmed Combat
  2498 | D:4      | Found an opulent altar of Gozag.
  3140 | D:5      | Entered Level 5 of the Dungeon
  3179 | D:5      | Reached skill level 5 in Shields
  3183 | D:5      | Reached XP level 8. HP: 65/79 MP: 7/7
  3250 | D:5      | Found a staircase to the Ecumenical Temple.
  3262 | Temple   | Entered the Ecumenical Temple
  3294 | Temple   | Became a worshipper of the Wu Jian Council
  3359 | D:5      | Identified the +4 long sword "Kimmanino" {holy, Int+5}
  3413 | D:5      | Noticed Grinder
  3424 | D:5      | Killed Grinder
  3425 | D:5      | Reached skill level 7 in Unarmed Combat
  3560 | D:5      | Found a glowing drain.
  3564 | Sewer    | Entered a sewer
  3620 | Sewer    | Reached * piety under Wu Jian
  3665 | Sewer    | Reached skill level 5 in Fighting
  3788 | Sewer    | Reached skill level 8 in Unarmed Combat
  4167 | D:5      | Found a sparkling altar of Nemelex Xobeh.
  4728 | D:6      | Found a white marble altar of Elyvilon.
  4882 | D:6      | Reached XP level 9. HP: 88/88 MP: 8/8
  4900 | D:6      | Noticed Prince Ribbit
  4925 | D:6      | Killed Prince Ribbit
  4974 | D:6      | Reached skill level 9 in Unarmed Combat
  5413 | D:7      | Reached ** piety under Wu Jian
  5822 | D:8      | Found a shimmering blue altar of Sif Muna.
  5882 | D:8      | Found Quracoew's Self-Published Books.
  5959 | D:8      | Noticed a two-headed ogre
  5965 | D:8      | Killed a two-headed ogre
  5966 | D:8      | Reached skill level 10 in Unarmed Combat
  6223 | D:8      | Reached XP level 10. HP: 96/98 MP: 7/9
  6259 | D:8      | You fall into a shaft and drop 1 floor!
  6259 | D:9      | Found a glowing silver altar of Zin.
  6293 | D:9      | Noticed a two-headed ogre
  6299 | D:9      | Killed a two-headed ogre
  6449 | D:9      | Noticed Maurice
  6464 | D:9      | Killed Maurice
  6465 | D:9      | Reached skill level 11 in Unarmed Combat
  6473 | D:9      | Found a broken altar of Ashenzari.
  6551 | D:9      | Found a snail-covered altar of Cheibriados.
  6818 | D:9      | Reached skill level 5 in Dodging
  6838 | D:9      | Reached *** piety under Wu Jian
  7272 | D:10     | Entered Level 10 of the Dungeon
  7626 | D:10     | Reached XP level 11. HP: 107/109 MP: 8/10
  7717 | D:10     | Noticed a two-headed ogre
  7730 | D:10     | Killed a two-headed ogre
  7861 | D:10     | Reached skill level 12 in Unarmed Combat
  8459 | D:10     | Identified a scroll of acquirement
  8459 | D:10     | Acquired an amulet of regeneration
  8497 | D:11     | Found a staircase to the Orcish Mines.
  8499 | D:11     | Noticed Erolcha
  8516 | D:11     | Killed Erolcha
  8602 | D:11     | Noticed Erica
  8616 | D:11     | Killed Erica
  8616 | D:11     | Reached **** piety under Wu Jian
  8628 | D:11     | Noticed a two-headed ogre
  8636 | D:11     | Killed a two-headed ogre
  8731 | D:11     | Noticed Urug
  8740 | D:11     | Killed Urug
  8950 | D:11     | Noticed a boulder beetle
  8953 | D:11     | Found a staircase to the Lair.
  8980 | D:11     | Killed a boulder beetle
  8981 | D:11     | Reached skill level 13 in Unarmed Combat
  9038 | D:11     | Noticed Harold
  9059 | D:11     | Killed Harold
  9089 | D:11     | Reached XP level 12. HP: 113/119 MP: 11/11
  9429 | D:12     | Identified the of Bylejaju
  9511 | D:12     | Noticed a two-headed ogre
  9514 | D:12     | Killed a two-headed ogre
 10006 | D:12     | Identified the +1 leather armour of Hide-and-Seek {Will+
                  | Regen+ Stlth+}
 10713 | D:13     | Identified the serpent talisman "Gasm" {Dex+3}
 10748 | D:13     | Found Dujiuhed's Specific Store.
 10750 | D:13     | Found Yddelum's General Store.
 10751 | D:13     | Noticed a tengu warrior
 10764 | D:13     | Killed a tengu warrior
 10777 | D:13     | Noticed a seven-headed hydra
 10954 | Lair:1   | Entered Level 1 of the Lair of Beasts
 11127 | Lair:1   | Reached skill level 14 in Unarmed Combat
 11375 | Lair:1   | Reached ***** piety under Wu Jian
 11505 | Lair:1   | Noticed Maggie
 11514 | Lair:1   | Killed Maggie
 11531 | Lair:1   | Reached skill level 10 in Shields
 11537 | Lair:1   | Reached XP level 13. HP: 131/131 MP: 12/12
 11889 | Lair:1   | Slain by a death yak

Illustrated notes

Levels and vault maps discovered:
D:1:      tarquinn_simple_flora_water_c, layout_basic, roderic_roman_lattice
D:2:      layout_basic, chequers_ecumenical_altar_simple_redux
D:3:      layout_rooms, nicolae_qazlal_beasts_of_the_sky,
          nicolae_ru_awakened_eye, uniq_terence, uniq_jessica
D:4:      layout_loops_corners, overflow_temple_1_default, serial_undead,
          serial_undead_a, serial_undead_d, serial_undead_f, serial_undead_a,
          serial_undead_a, serial_undead_a, serial_undead_b
D:5:      layout_cave_pods, mainiacjoe_overflow_paths,
          minmay_temple_entry_statues, gup_sewer_entry_bowl,
          nicolae_letterblocks [nicolae_letter_subblock,
          nicolae_letter_subblock, nicolae_letter_subblock,
          nicolae_letter_subblock, nicolae_letter_subblock,
          nicolae_letter_subblock, nicolae_letter_subblock,
          nicolae_letter_subblock, nicolae_letter_subblock,
          nicolae_letter_subblock, nicolae_letter_subblock,
          nicolae_letter_subblock, nicolae_letter_subblock,
          nicolae_letter_subblock, nicolae_letter_subblock,
          nicolae_letter_subblock, nicolae_letter_subblock,
          nicolae_letter_subblock, nicolae_letter_subblock,
          nicolae_letter_subblock, nicolae_letter_subblock,
          nicolae_letter_subblock, nicolae_letter_subblock,
          nicolae_letter_subblock, nicolae_letter_subblock], uniq_grinder
D:6:      layout_loops_ring, elyvilon_altar_4, serial_bayou_crossing,
          uniq_prince_ribbit1
D:7:      layout_rooms
D:8:      layout_gridville, tgw_sif, nicolae_custom_books
D:9:      layout_long_grid, kennysheep_slug_shrine, mainiacjoe_overflow_catwalk,
          mainiacjoe_overflow_chevrons, grunt_ministairs_6, uniq_maurice
D:10:     layout_layer_cave
D:11:     layout_roguey, erik_lair_island, david_orc_2, uniq_harold,
          uniq_erolcha, uniq_erica, uniq_urug
D:12:     layout_grid_maze
D:13:     layout_rooms, nicolae_specific_store
Temple:   hellmonk_temple_forest_ring
Lair:1:   dreamdust_isle_of_ice, layout_concentric_octagons, fungi_pond_lemuel,
          lemuel_fruit_fields, uniq_maggie

Skill      XL: |  1  2  3  4  5  6  7  8  9 10 11 12 |
---------------+-------------------------------------+-----
Shields        | 3 4 5 6 7 9 10 | 10.1
Unarmed Combat | 3 4 5 6 8 10 11 13 14 | 14.8
Fighting       | 3 4 5 6 7 8 9 |  9.2
Dodging        | 3 5 6 7 |  7.7

Action                     |  1- 3 |  4- 6 |  7- 9 | 10-12 | 13-15 || total
---------------------------+-------+-------+-------+-------+-------++-------
  Melee: Unarmed           |    92 |   150 |   347 |   606 |    60 ||  1255
 Invoke: Serpent's Lash    |       |       |       |     1 |       ||     1
Ability: Lunge             |       |       |    24 |    41 |     1 ||    66
         Whirlwind         |       |       |     7 |    57 |     7 ||    71
  Evoke: Wand              |       |       |    15 |       |       ||    15
    Use: Scroll            |       |     9 |     8 |     9 |       ||    26
         Potion            |       |       |       |     3 |       ||     3
 Armour: Robe              |    32 |       |       |       |       ||    32
         Acid dragon scale |    22 |   111 |   201 |   283 |    30 ||   647
         Troll leather arm |       |       |       |    42 |       ||    42
  Dodge: Dodged            |    27 |    51 |   107 |   149 |    15 ||   349
  Block: Kite shield       |    31 |    71 |   202 |   379 |    33 ||   716

Table legend: (Time is in decaauts)
 A = Elapsed time spent in this place.
 B = Non-inter-level travel time spent in this place.
 C = Inter-level travel time spent in this place.
 D = Time resting spent in this place.
 E = Time spent auto-exploring this place.
 F = Levels seen in this place.
 G = Mean time per level.
                   A        B        C        D        E       F      G
               +--------+--------+--------+--------+--------+-----+--------+
         Total |  11826 |  10549 |   1277 |    462 |   7520 |  16 |  739.1 |
       Dungeon |  10338 |   9149 |   1189 |    422 |   6630 |  13 |  795.2 |
        Temple |     43 |      2 |     41 |      0 |      0 |   1 |   43.0 |
          Lair |    897 |    851 |     46 |     40 |    517 |   1 |  897.0 |
         Sewer |    546 |    546 |      0 |      0 |    373 |   1 |  546.0 |
               +--------+--------+--------+--------+--------+-----+--------+

Top non-repeatable levels by time:
    D:12: 1361 daAuts
    D:10: 1127 daAuts
     D:9: 1087 daAuts
    D:11: 985 daAuts
     D:4: 945 daAuts
     D:5: 932 daAuts
  Lair:1: 897 daAuts
     D:1: 869 daAuts
     D:3: 680 daAuts
     D:6: 669 daAuts
     D:2: 660 daAuts
   Sewer: 546 daAuts
     D:8: 530 daAuts
     D:7: 380 daAuts
    D:13: 106 daAuts
